 Dungeon Crawl Stone Soup version 0.21-a0-49-g7bf2ba4 (webtiles) character file.

9495 KristoblXynda the Destroyer (level 11, -2/74 HPs)
             Began as a White Draconian Conjurer on June 9, 2017.
             Was a Priest of Dithmenos.
             Killed from afar by an electric eel (7 damage)
             ... with a bolt of electricity
             ... on level 10 of the Dungeon.
             The game lasted 00:35:47 (15902 turns).

KristoblXynda the Destroyer (DrCj)                 Turns: 15902, Time: 00:35:49

Health: -2/74      AC: 12    Str: 11    XL:     11   Next: 23%
Magic:  18/21      EV: 17    Int: 18    God:    Dithmenos [***...]
Gold:   641        SH:  0    Dex: 12    Spells: 15/27 levels left

rFire    . . .     SeeInvis .   B - +1 dagger (venom)
rCold    + . .     Gourm    .   (no shield)
rNeg     . . .     Faith    .   (armour unavailable)
rPois    .         Spirit   .   (helmet restricted)
rElec    .         Reflect  .   z - +0 cloak
rCorr    .         Harm     .   (no gloves)
MR       .....                  h - +0 pair of boots
Stlth    +++++.....             (no amulet)
Regen    0.3/turn               F - +4 ring of evasion
MPRegen  0.2/turn               y - +3 ring of protection

@: wreathed by umbra
A: breathe frost, unfitting armour, talons 1, cold resistance 1, low mp 1,
mutation resistance 1, cold-blooded, AC +7
a: Breathe Frost, Shadow Step, Renounce Religion


You were on level 10 of the Dungeon.
You worshipped Dithmenos.
Dithmenos was most pleased with you.
You were hungry.

You visited 3 branches of the dungeon, and saw 12 of its levels.
You also visited: Sewer.

You collected 641 gold pieces.

Inventory:

Hand Weapons
 k - a +2 dagger of electrocution
 B - a +1 dagger of venom (weapon)
Armour
 h - a +0 pair of boots (worn)
 z - a +0 cloak (worn)
 D - a +0 buckler
Jewellery
 p - a cursed amulet of inaccuracy {unknown}
 y - a +3 ring of protection (right hand)
 F - a +4 ring of evasion (left hand)
Wands
 o - a wand of confusion (35/48)
 u - a wand of lightning (0/15)
 H - a wand of digging (10/24)
Scrolls
 i - 6 scrolls of remove curse
 n - a scroll of teleportation
 q - a scroll of magic mapping
 v - a scroll of fog
 A - a scroll of identify
 G - a scroll of recharging
Potions
 c - 5 potions of brilliance
 e - 2 potions of might
 f - 2 potions of haste
 l - 4 potions of ambrosia
 m - 3 potions of flight
 s - 3 potions of agility
 t - a potion of invisibility
 x - a potion of magic
 C - a potion of resistance
Books
 a - a book of Conjurations

   Spells                             Type                      Level
   a - Magic Dart                     Conjuration                  1
   b - Searing Ray                    Conjuration                  2
   c - Dazzling Spray                 Conjuration/Hexes            3
   d - Fulminant Prism                Conjuration/Hexes            4
   e - Force Lance                    Conjuration/Translocation    4
   f - Iskenderun's Mystic Blast      Conjuration                  4
Comestibles
 b - 4 bread rations
 d - 10 royal jellies
 g - 11 fruits
 j - 3 meat rations


   Skills:
 - Level 6.1 Short Blades
 - Level 3.0 Dodging
 + Level 6.9 Stealth
 + Level 4.1 Shields
 - Level 3.0 Unarmed Combat
 + Level 8.6 Spellcasting
 + Level 10.2 Conjurations
 - Level 5.2 Invocations


You had 15 spell levels left.
You knew the following spells:

 Your Spells              Type           Power        Failure   Level  Hunger
a - Magic Dart            Conj           ####         1%          1    None
b - Dazzling Spray        Conj/Hex       ####..       3%          3    None
c - Force Lance           Conj/Tloc      ####....     11%         4    ###....
d - Iskenderun's Mystic   Conj           #####...     1%          4    ###....


Dungeon Overview and Level Annotations

Branches:
Dungeon (10/15)            Temple (1/1) D:4            Lair (0/6) D:8
    Orc (1/2) D:9

Altars:
Ashenzari
Cheibriados
Dithmenos
Elyvilon
Fedhas
Gozag
Hepliaklqana
Kikubaaqudgha
Makhleb
Nemelex Xobeh
Okawaru
Qazlal
Ru
Sif Muna
Trog
Uskayaw
Vehumet
Wu Jian
Xom
Yredelemnul
Zin
The Shining One

Shops:
D:4 :   D:8 (   D:9 ([(


Innate Abilities, Weirdness & Mutations

You can breathe waves of freezing cold.
You can buffet flying creatures when you breathe cold.
Your icy white scales are hard. (AC +7)
You cannot fit into any form of body armour.
Your flesh is cold resistant. (rC+)
You are cold-blooded and may be slowed by cold attacks.
You have sharp toenails.
Your magical capacity is low. (-10% MP)
You are somewhat resistant to further mutation.


Message History

Something hits you.
* * * LOW HITPOINT WARNING * * *
You feel better. Something hits you but does no damage.
The electric eel shoots out a bolt of lightning at you!
The bolt of electricity hits you!
* * * LOW HITPOINT WARNING * * *
Something hits you!
* * * LOW HITPOINT WARNING * * *
Casting: Magic Dart
Confirm with . or Enter, or press ? or * to list all spells.
Aiming: Magic Dart
Press: ? - help, Shift-Dir - straight line, f/p - electric eel
Aim: an electric eel (water, heavily wounded, umbra)
The magic dart hits the electric eel.
The electric eel is almost dead.
Something hits you.
* * * LOW HITPOINT WARNING * * *
The electric eel shoots out a bolt of lightning at you!
The bolt of electricity hits you!
You die...

#.....#####'##)# #.........
#.....##....##.# #..#.....#
#.....##....##.###..#.....#
#.....##....'...###....####
#.....##....##..######.##
#.....#######.......##..#
####### ###.....#.##.##.##
#.........##.##.(#
#.@.....#....###.#
#..........<.# #)#
#.....######.###)#
≈≈≈≈≈≈≈≈≈≈≈≈# ##.((..#
≈≈≈≈≈;≈≈≈≈≈≈#####...##(##
;≈≈≈≈≈≈≈≈≈≈≈≈.......((.#.
≈≈≈≈≈≈≈≈≈≈≈≈........##...
≈≈≈≈≈≈≈≈≈≈≈≈≈≈....#####(.
≈≈≈≈≈≈≈≈≈≈≈≈...... #.(..


You could see an electric eel.

Vanquished Creatures
  2 two-headed ogres
  Maurice (D:8)
  A gargoyle (D:10)
  Psyche (D:8)
  A troll (D:9)
  Prince Ribbit (D:8)
  A hippogriff (D:7)
  A wyvern (D:8)
  2 hungry ghosts
  A steam dragon (D:7)
  Duvessa (D:7)
  A porcupine (D:8)
  A water moccasin (D:9)
  2 ice beasts (D:6)
  7 orc warriors
  3 phantoms
  7 sky beasts
  2 black bears (D:8)
  An eye of draining (D:8)
  5 centaurs
  5 ogres
  A crocodile (D:8)
  A gnoll sergeant (D:8)
  7 bullfrogs
  7 scorpions
  Dowan (D:7)
  9 killer bees
  A howler monkey (D:7)
  3 electric eels
  3 crimson imps
  3 centaur zombies
  A bullfrog zombie (D:7)
  3 hounds
  2 centaur skeletons
  5 orc priests
  3 jellies (D:8)
  2 iguanas
  2 orc wizards
  9 worker ants
  2 hound skeletons
  11 gnolls
  22 adders
  A shadow imp (D:6)
  8 oozes
  An adder skeleton (D:4)
  6 worms
  3 dart slugs
  5 leopard geckos
  26 orcs
  3 ball pythons
  12 bats
  6 giant cockroaches
  15 goblins
  8 hobgoblins
  14 jackals
  9 kobolds
  9 quokkas
  A ball python skeleton (D:6)
  6 frilled lizards
  2 quokka skeletons
  9 rats
  A butterfly (D:4)
290 creatures vanquished.

Vanquished Creatures (others)
  An unseen horror (D:10)
  An adder skeleton (D:7)
  20 fungi (D:8)
  8 plants (D:8)
30 creatures vanquished.

Grand Total: 320 creatures vanquished

Notes
Turn   | Place    | Note
-------+----------+-------------------------------------------
     0 | D:1      | KristoblXynda the Draconian Conjurer began the quest for the Orb.
     0 | D:1      | Reached XP level 1. HP: 14/14 MP: 3/3
   380 | D:1      | Reached skill level 1 in Short Blades
   380 | D:1      | Reached XP level 2. HP: 17/20 MP: 0/5
   623 | D:1      | Reached XP level 3. HP: 24/26 MP: 0/6
  1856 | D:2      | Found a faded altar of an unknown god.
  2248 | D:3      | Reached XP level 4. HP: 33/33 MP: 7/7
  2621 | D:3      | Reached skill level 5 in Conjurations
  2904 | D:3      | Reached XP level 5. HP: 38/38 MP: 1/8
  2972 | D:3      | Learned a level 3 spell: Dazzling Spray
  3469 | D:4      | Found a staircase to the Ecumenical Temple.
  3484 | Temple   | Entered the Ecumenical Temple
  4007 | D:4      | Reached XP level 6. HP: 32/45 MP: 4/10
  4160 | D:4      | Found Uhaly's Book Boutique.
  4208 | D:4      | Found a sacrificial altar of Ru.
  4303 | D:5      | Entered Level 5 of the Dungeon
  4352 | D:5      | Found a glowing drain.
  4391 | Sewer    | Entered a sewer
  5513 | D:5      | Noticed a sky beast
  5522 | D:5      | Killed a sky beast
  5522 | D:5      | Reached skill level 6 in Conjurations
  5522 | D:5      | Your scales start taking on an icy white colour.
  5522 | D:5      | Reached XP level 7. HP: 29/50 MP: 12/12
  5522 | D:5      | Gained mutation: Your flesh is cold resistant. (rC+) [White Draconian growth]
  5589 | Temple   | Became a worshipper of Dithmenos the Shadowed
  5697 | D:5      | Reached skill level 5 in Short Blades
  6550 | D:6      | Reached XP level 8. HP: 57/57 MP: 11/14
  6587 | D:6      | Reached skill level 7 in Conjurations
  6589 | D:6      | Reached skill level 5 in Spellcasting
  6593 | D:6      | Gained mutation: You expend magic power (3 MP) to strengthen your wands. [mutagenic meat]
  6594 | D:6      | Lost mutation: You expend magic power (3 MP) to strengthen your wands. [mutagenic meat]
  6595 | D:6      | Gained mutation: You can translocate small distances at will. [mutagenic meat]
  6596 | D:6      | Gained mutation: Your tail ends in a poisonous barb. [mutagenic meat]
  6597 | D:6      | Gained mutation: Your muscles are strong. (Str +2) [mutagenic meat]
  6598 | D:6      | Gained mutation: You have sharp toenails. [mutagenic meat]
  6796 | D:6      | Found a shadowy altar of Dithmenos.
  6858 | D:6      | Reached skill level 1 in Unarmed Combat
  6872 | D:6      | Lost mutation: Your muscles are strong. (Str +2) [mutagenic meat]
  6873 | D:6      | Gained mutation: You occasionally shout uncontrollably at your foes. [mutagenic meat]
  6874 | D:6      | Gained mutation: You sometimes yell uncontrollably at your foes. [mutagenic meat]
  6875 | D:6      | Lost mutation: Your tail ends in a poisonous barb. [mutagenic meat]
  6876 | D:6      | Gained mutation: You are clumsy. (Dex -2) [mutagenic meat]
  6877 | D:6      | Gained mutation: Your body sometimes deteriorates upon taking damage. [mutagenic meat]
  6991 | D:6      | Lost mutation: You are clumsy. (Dex -2) [potion of mutation]
  6991 | D:6      | Lost mutation: Your body sometimes deteriorates upon taking damage. [potion of mutation]
  6991 | D:6      | Lost mutation: You can translocate small distances at will. [potion of mutation]
  6991 | D:6      | Lost mutation: You sometimes yell uncontrollably at your foes. [potion of mutation]
  6991 | D:6      | Lost mutation: You have sharp toenails. [potion of mutation]
  6991 | D:6      | Gained mutation: You tend to lose your temper in combat. [potion of mutation]
  6991 | D:6      | Gained mutation: You have sharp toenails. [potion of mutation]
  6991 | D:6      | Gained mutation: You have razor-sharp toenails. [potion of mutation]
  7800 | D:7      | Reached XP level 9. HP: 62/62 MP: 17/17
  7936 | D:7      | Reached * piety under Dithmenos
  7936 | D:7      | Reached skill level 8 in Conjurations
  7936 | D:7      | Reached skill level 1 in Invocations
  8132 | D:7      | Noticed Dowan
  8146 | D:7      | Killed Dowan
  8314 | D:7      | Noticed Duvessa
  8327 | D:7      | Killed Duvessa
  8825 | D:7      | HP: 3/62 [poisoned by an orc wizard]
  8831 | D:7      | HP: 3/62 [poisoned by an orc wizard]
  9739 | D:8      | Learned a level 4 spell: Force Lance
  9744 | D:8      | Learned a level 4 spell: Iskenderun's Mystic Blast
 10093 | D:8      | Lost mutation: You occasionally shout uncontrollably at your foes. [potion of mutation]
 10093 | D:8      | Lost mutation: You have razor-sharp toenails. [potion of mutation]
 10093 | D:8      | Lost mutation: You tend to lose your temper in combat. [potion of mutation]
 10093 | D:8      | Lost mutation: You have sharp toenails. [potion of mutation]
 10093 | D:8      | Gained mutation: Your magical capacity is low. (-10% MP) [potion of mutation]
 10093 | D:8      | Gained mutation: You are somewhat resistant to further mutation. [potion of mutation]
 10093 | D:8      | Gained mutation: You have sharp toenails. [potion of mutation]
 10168 | D:8      | Reached ** piety under Dithmenos
 10169 | D:8      | Noticed Maurice
 10589 | D:8      | Reached XP level 10. HP: 54/69 MP: 18/18
 10621 | D:8      | Reached skill level 9 in Conjurations
 10802 | D:8      | Killed Maurice
 10971 | D:8      | Found a glowing silver altar of Zin.
 11088 | D:8      | Reached skill level 5 in Stealth
 11099 | D:8      | Reached skill level 5 in Invocations
 11707 | D:8      | Found a staircase to the Lair.
 11722 | D:8      | Noticed Prince Ribbit
 11724 | D:8      | Killed Prince Ribbit
 11820 | D:8      | Found Vaumy's Weapon Shoppe.
 11901 | D:8      | Reached skill level 1 in Shields
 12192 | D:8      | Noticed Psyche
 12206 | D:8      | Paralysed by Psyche for 6 turns
 12218 | D:8      | Killed Psyche
 12878 | D:9      | Found Onoo's Weapon Emporium.
 12879 | D:9      | Found a staircase to the Orcish Mines.
 12907 | D:9      | Reached *** piety under Dithmenos
 12984 | D:9      | Found Axatiu Laym's Armour Emporium.
 12987 | D:9      | Found Kiboib's Weapon Boutique.
 13648 | D:9      | Noticed a two-headed ogre
 13685 | D:9      | Killed a two-headed ogre
 13685 | D:9      | Reached XP level 11. HP: 10/74 MP: 4/20
 14362 | Orc:1    | Entered Level 1 of the Orcish Mines
 14401 | D:10     | Entered Level 10 of the Dungeon
 14526 | D:10     | Noticed a two-headed ogre
 14550 | D:10     | HP: 2/74 [two-headed ogre/giant club (21)]
 14553 | D:10     | Killed a two-headed ogre
 14553 | D:10     | Reached skill level 10 in Conjurations
 14937 | D:10     | Killed an unseen horror
 15173 | D:10     | HP: 3/74 [something (6)]
 15902 | D:10     | Killed from afar by an electric eel

Vault maps used:
D:1:      sevenhm_arrival_forest_fort_large_4
D:2:      chequers_ecumenical_altar_island, small_statue_intersection
D:4:      marbit_many_paths, minmay_temple_entry_butterflies, serial_shops,
          kennysheep_mini, first_bread
D:5:      cheibrodos_sewer_entry_drain
D:6:      basic_altar, minmay_door_square, dk_vineyard_2, grunt_ministairs_8
D:7:      cheibrodos_helix_gallery, uniq_duvessa
D:8:      grunt_lair_entry_orc_guard_hut, basic_altar, serial_shops,
          kennysheep_mini_moat, hangedman_little_slice_of_home,
          uniq_prince_ribbit1, uniq_maurice, uniq_psyche
D:9:      orc_david_3, serial_shops, shop
Temple:   compressed_dpeg_triangle_lava_temple
Orc:1:    nicolae_for_you_no_charge, uniq_urug
Sewer:    sewer_fruit_machine

Skill      XL: |  1  2  3  4  5  6  7  8  9 10 11 |
---------------+----------------------------------+-----
Short Blades   | 1 2 3 4 5 6 |  6.1
Conjurations   | 5 6 7 8 9 10 | 10.2
Spellcasting   | 3 4 5 6 8 |  8.6
Dodging        | 3 |  3.0
Unarmed Combat | 3 |  3.0
Stealth        | 2 4 6 |  6.9
Invocations    | 4 5 |  5.2
Shields        | 3 4 |  4.1

Action                   |  1- 3 |  4- 6 |  7- 9 | 10-12 || total
-------------------------+-------+-------+-------+-------++-------
Melee: Unarmed           |     4 |       |       |       ||     4
       Dagger            |   100 |   168 |   476 |   420 ||  1164
       Tailslap          |     8 |    21 |    65 |    48 ||   142
       Punch             |       |       |     2 |     9 ||    11
 Cast: Magic Dart        |    56 |    83 |    49 |    18 ||   206
       Dazzling Spray    |       |       |    22 |    43 ||    65
       Force Lance       |       |       |       |     5 ||     5
       Iskenderun's Myst |       |       |       |     4 ||     4
 Abil: Breathe Frost     |       |       |     5 |     4 ||     9
Evoke: Wand              |       |       |     1 |     8 ||     9
  Use: Potion            |     3 |     1 |     4 |     2 ||    10
       Scroll            |       |    14 |    11 |     5 ||    30
 Stab: Sleeping          |     1 |     7 |     3 |     6 ||    17
       Invisible         |       |       |     6 |     9 ||    15
       Confused          |       |       |     2 |       ||     2
       Distracted        |       |       |       |     1 ||     1
  Eat: Chunk             |     5 |     9 |    24 |    13 ||    51
       Fruit             |       |     2 |       |     8 ||    10
       Meat ration       |       |     1 |       |       ||     1
       Royal jelly       |       |       |     2 |     1 ||     3
Armor: Skin              |    29 |    47 |   118 |   124 ||   318
Dodge: Dodged            |    63 |    91 |   278 |   247 ||   679
